 Dungeon Crawl Stone Soup version 0.26-a0-540-g8a0c9464d7 (webtiles) character file.

Game seed: 7645932272554550577

16928 vurker the Cleaver (level 12, -5/102 HPs)
             Began as a Formicid Delver on Aug 25, 2020.
             Was an Initiate of Gozag.
             Slain by a spark wasp (11 damage)
             ... on level 1 of the Lair of Beasts.
             The game lasted 00:20:54 (15026 turns).

vurker the Cleaver (Formicid Delver)               Turns: 15026, Time: 00:20:54

Health: -5/102     AC: 10    Str: 22    XL:     12   Next: 76%
Magic:  0/21       EV: 12    Int:  7    God:    Gozag
Gold:   2391       SH:  0    Dex: 12    Spells: 11/11 levels left

rFire    . . .     SeeInvis +   a - +4 executioner's axe (vamp)
rCold    . . .     Faith    .   (no shield)
rNeg     + . .     Spirit   +   F - +3 leather armour of the Forest {Rampage rPois rN+ Int-3}
rPois    +         Reflect  .   (helmet unavailable)
rElec    .         Harm     .   A - +0 cloak
rCorr    .                      m - +1 pair of gloves
MR       +....                  (no boots)
Stlth    +++.......             B - amulet of guardian spirit
HPRegen  0.27/turn              s - ring of magical power
MPRegen  0.17/turn              (no ring)

@: no status effects
A: permanent stasis, dig shafts and tunnels, four strong arms, antennae 3
a: Dig, Shaft Self, Potion Petition, Call Merchant, Bribe Branch, Renounce
Religion


You were on level 1 of the Lair of Beasts.
You worshipped Gozag.
Gozag was most pleased with you.
You visited 2 branches of the dungeon, and saw 14 of its levels.

You collected 3870 gold pieces.
You paid 1479 gold pieces to Gozag.

Inventory:

Hand Weapons
 a - a +4 vampiric executioner's axe (weapon)
   (You acquired it on level 7 of the Dungeon)
 b - a +2 flail of protection
   (You found it on level 8 of the Dungeon)
Armour
 m - a +1 pair of gloves (worn)
   (You found it on level 1 of the Dungeon)
 A - a +0 cloak (worn)
   (You found it on level 4 of the Dungeon)
 E - a +0 plate armour of magic resistance
   (You found it on level 11 of the Dungeon)
 F - the +3 leather armour of the Forest (worn) {Rampage rPois rN+ Int-3}
   (You took it off a gnoll on level 9 of the Dungeon)

   It affects your intelligence (-3).
   It protects you from poison.
   It protects you from negative energy.
   It bestows one free step when moving towards enemies.
Jewellery
 h - an uncursed ring of ice
   (You found it on level 6 of the Dungeon)
 s - a ring of magical power (left hand)
   (You found it on level 3 of the Dungeon)
 B - an amulet of guardian spirit (around neck)
   (You found it on level 4 of the Dungeon)
Wands
 t - a wand of flame (10)
   (You found it on level 11 of the Dungeon)
 u - a wand of paralysis (8)
   (You found it on level 7 of the Dungeon)
 v - a wand of digging (6)
 y - a wand of enslavement (13)
   (You found it on level 3 of the Dungeon)
 D - a wand of polymorph (12)
   (You found it on level 10 of the Dungeon)
Scrolls
 c - 5 scrolls of fog
 d - 3 scrolls of magic mapping
 e - a scroll of fear
 g - 3 scrolls of remove curse
 o - a scroll of enchant weapon
 w - 6 scrolls of enchant armour
 C - a scroll of immolation
Potions
 f - a potion of stabbing {unknown}
 i - 2 potions of magic
 j - 2 potions of resistance
 k - 3 potions of might
 l - 3 potions of lignification
 n - 3 potions of invisibility
 p - 3 potions of mutation {unknown}
 q - 6 potions of heal wounds
 r - 6 potions of curing
 x - 2 potions of haste {unknown}
 z - a potion of flight
 G - a potion of cancellation {unknown}


   Skills:
 + Level 12.2 Fighting
 * Level 14.9 Axes
 + Level 6.8 Armour
 - Level 1.7 Dodging
 - Level 6.0 Stealth


You had 11 spell levels left.
You didn't know any spells.
Your spell library contained the following spells:

 Spells                   Type           Power        Failure   Level
 Animate Skeleton         Necr           #.....       45%         1
 Pain                     Necr           #...         45%         1
 Vampiric Draining        Necr           #.........   83%         3
 Animate Dead             Necr           #.........   99%         4
 Agony                    Necr           #.......     100%        5


Dungeon Overview and Level Annotations

Branches:
Dungeon (13/15)            Temple (0/1) D:6            Lair (1/6) D:8
    Orc (0/2) D:11
 Vaults: D:13-14

Altars:
Cheibriados
Gozag
Qazlal

Annotations:
D:10 exclusion: oklob plant


Innate Abilities, Weirdness & Mutations

You cannot be hasted, slowed, berserked, paralysed or teleported.
You can dig through walls and to a lower floor.
Your four strong arms can wield two-handed weapons with a shield.
You have a pair of large antennae on your head. (SInv)


Message History

No target in view!
No target in view!
No target in view!
No target in view!
No target in view!
No target in view!
No target in view!
No target in view!
You now have 2876 gold pieces (gained 43).
You now have 2895 gold pieces (gained 19).
A seven-headed hydra is nearby!
A seven-headed hydra is nearby!
The seven-headed hydra roars!
Okay, then.
Aim: a seven-headed hydra The puff of flame hits the seven-headed hydra!
Aim: a seven-headed hydra (lightly wounded, chance to defeat MR: 15%)
The seven-headed hydra resists with almost no effort.
Aim: a seven-headed hydra (lightly wounded, chance to defeat MR: 15%)
The seven-headed hydra evaporates and reforms as a spark wasp!
The spark wasp stings you!! The spark wasp shocks you!
The spark wasp stings you. The spark wasp shocks you!
You closely miss the spark wasp. The spark wasp stings you!!
* * * LOW HITPOINT WARNING * * *
The spark wasp shocks you!
* * * LOW HITPOINT WARNING * * *
The spark wasp closely misses you.
Unknown command. [a] - 192 gold - might and brilliance [b] - 336 gold - heal wounds, curing and magic [c] - 319 gold - curing and magic Purchase which effect?
You feel much better.
You feel better. Magic courses through your body. The spark wasp stings you!!
* * * LOW HITPOINT WARNING * * *
The spark wasp shocks you!
* * * LOW HITPOINT WARNING * * *
[a] - 168 gold - heal wounds and curing [b] - 240 gold - might and brilliance [c] - 208 gold - might and stabbing Purchase which effect?
You feel much better.
You feel better. The spark wasp stings you!!
* * * LOW HITPOINT WARNING * * *
The spark wasp shocks you!
* * * LOW HITPOINT WARNING * * *
The spark wasp stings you!!
* * * LOW HITPOINT WARNING * * *
The spark wasp shocks you!
You die...
Your body crumbles into a pile of gold.

....#####.###......##
....# ### #.......#
....# #......## #####
##.##### # #..#
##.### #.#.## #....#
##@.## $ ##y# ..#
...# ##.. ..## ...
..# #... ... ... ..#
..#


You could see a spark wasp.

Vanquished Creatures
  2 centaur warriors (D:13)
  Pikel (D:4)
  An ugly thing (D:11)
  A cyclops (D:11)
  Maurice (D:11)
  A centaur zombie (D:12)
  A black mamba (Lair:1)
  3 gargoyles
  A cane toad (Lair:1)
  3 trolls
  A hornet (D:10)
  5 hippogriffs
  A wyvern (D:8)
  17 yaks
  A shadow (D:11)
  A wraith (D:10)
  A steam dragon (D:11)
  A hog (D:11)
  Menkaure (D:4)
  A soldier ant (D:13)
  A water moccasin (D:10)
  4 sky beasts
  4 orc warriors
  3 phantoms
  3 black bears
  7 ogres
  An ice beast (D:6)
  A necrophage (D:10)
  A hornet zombie (D:11)
  An eye of draining (D:11)
  16 centaurs
  A crocodile (Lair:1)
  5 big kobolds
  8 bullfrogs
  4 scorpions
  9 wights
  4 killer bees (D:9)
  2 howler monkeys (D:4)
  2 jellies
  11 hounds
  A bullfrog zombie (D:5)
  12 orc priests
  2 bullfrog skeletons
  12 orc wizards
  A centaur skeleton (D:9)
  4 iguanas
  Terence (D:2)
  7 worker ants
  Natasha (thrice) (D:2)
  A hound zombie (D:10)
  A hound skeleton (D:7)
  Robin (D:4)
  14 adders
  11 gnolls
  5 shadow imps
  5 white imps
  2 ufetubi
  An ooze (D:4)
  4 adder skeletons
  A worm (D:3)
  A dart slug (D:1)
  4 leopard geckos
  45 orcs
  5 giant cockroaches
  13 goblins
  12 hobgoblins
  9 jackals
  5 quokkas
  4 bats
  4 frilled lizards
  A jackal skeleton (D:4)
  28 kobolds
  2 rats
355 creatures vanquished.

Vanquished Creatures (others)
  A fungus (Lair:1)
  A plant (Lair:1)
2 creatures vanquished.

Grand Total: 357 creatures vanquished

Notes
Turn   | Place    | Note
-------+----------+-------------------------------------------
     0 | D:5      | vurker the Formicid Delver began the quest for the Orb.
     0 | D:5      | Reached XP level 1. HP: 18/18 MP: 1/1
   247 | D:2      | Noticed Natasha
   252 | D:2      | Killed Natasha
   252 | D:2      | Reached skill level 3 in Axes
   252 | D:2      | Reached XP level 2. HP: 8/25 MP: 2/2
   252 | D:2      | Reached XP level 3. HP: 10/30 MP: 3/3
   492 | D:2      | Noticed Terence
   520 | D:2      | Killed Terence
   520 | D:2      | Reached XP level 4. HP: 31/37 MP: 4/4
  1664 | D:2      | Noticed Natasha
  1677 | D:2      | Killed Natasha
  1677 | D:2      | Reached skill level 4 in Axes
  1677 | D:2      | Reached XP level 5. HP: 39/43 MP: 5/5
  1724 | D:2      | Noticed Natasha
  1741 | D:2      | Killed Natasha
  2239 | D:3      | Reached XP level 6. HP: 49/49 MP: 6/6
  2459 | D:3      | Reached skill level 5 in Axes
  2720 | D:3      | Reached skill level 5 in Fighting
  3191 | D:3      | Found an opulent altar of Gozag.
  3195 | D:3      | Became a worshipper of Gozag Ym Sagoz the Greedy
  3392 | D:4      | Reached XP level 7. HP: 54/56 MP: 7/7
  3406 | D:4      | Reached skill level 6 in Axes
  3948 | D:4      | Noticed Menkaure
  3981 | D:4      | Killed Menkaure
  3981 | D:4      | Reached skill level 7 in Axes
  3981 | D:4      | Reached XP level 8. HP: 16/64 MP: 8/8
  4245 | D:4      | Noticed Robin
  4261 | D:4      | Killed Robin
  4608 | D:4      | Noticed Pikel
  4641 | D:4      | Killed Pikel
  4641 | D:4      | Reached skill level 8 in Axes
  4957 | D:5      | Reached XP level 9. HP: 59/72 MP: 9/9
  5237 | D:5      | Reached skill level 9 in Axes
  5483 | D:6      | Found a staircase to the Ecumenical Temple.
  6206 | D:6      | Reached skill level 10 in Axes
  6254 | D:6      | Found a stormy altar of Qazlal.
  6889 | D:7      | Got a pair of jewelled boots
  6895 | D:7      | Identified the +1 pair of boots of Inference {Harm} (You
                  | found it on level 7 of the Dungeon)
  6951 | D:7      | Noticed a hippogriff
  6959 | D:7      | Killed a hippogriff
  6959 | D:7      | Reached XP level 10. HP: 79/83 MP: 10/10
  7329 | D:7      | Identified a scroll of acquirement
  7329 | D:7      | Acquired a +3 vampiric executioner's axe
  7733 | D:8      | Reached skill level 11 in Axes
  8193 | D:8      | Acquired 500 gold pieces
  8332 | D:8      | Found a staircase to the Lair.
  8521 | D:8      | Got a steaming leather armour
  8769 | D:9      | Reached skill level 12 in Axes
  8774 | D:9      | Reached skill level 10 in Fighting
  9006 | D:9      | Identified the +3 leather armour of the Forest {Rampage
                  | rPois rN+ Int-3}
  9638 | D:9      | Reached XP level 11. HP: 48/92 MP: 0/11
 10215 | D:9      | Reached skill level 1 in Armour
 10491 | D:10     | Entered Level 10 of the Dungeon
 10514 | D:10     | Found a snail-covered altar of Cheibriados.
 10514 | D:10     | Noticed an oklob plant
 10686 | D:10     | Reached skill level 13 in Axes
 12114 | D:11     | You fall into a shaft and drop 2 floors!
 12389 | D:13     | Noticed a centaur warrior
 12391 | D:13     | Noticed a centaur warrior
 12397 | D:13     | Killed a centaur warrior
 12401 | D:13     | Killed a centaur warrior
 12666 | D:11     | Reached XP level 12. HP: 95/100 MP: 12/12
 12751 | D:11     | Reached skill level 14 in Axes
 12751 | D:11     | Reached skill level 5 in Armour
 12818 | D:11     | Found a staircase to the Orcish Mines.
 12923 | D:11     | Noticed Maurice
 12932 | D:11     | Killed Maurice
 13164 | D:11     | Found Lihyohai's Antique Weapon Shop.
 13995 | Lair:1   | Entered Level 1 of the Lair of Beasts
 14045 | Lair:1   | Noticed a seven-headed hydra
 15022 | Lair:1   | Noticed a spark wasp
 15022 | Lair:1   | a seven-headed hydra changed into a spark wasp
 15026 | Lair:1   | Slain by a spark wasp

Illustrated notes

Levels and vault maps discovered:
D:1:      minmay_arrival_stair_chambers, layout_basic, minmay_distorted
D:2:      minmay_door_path, layout_basic, uniq_natasha, uniq_terence
D:3:      layout_loops_ring, marbit_many_paths
D:4:      layout_basic, uniq_pikel, uniq_robin, uniq_menkaure
D:5:      layout_basic, chequers_serial_rivers_small_b
D:6:      layout_gridville, temple_statues, basic_altar
D:7:      layout_layer_cave
D:8:      layout_basic, lair_entry_dummy
D:9:      layout_basic
D:10:     layout_loops_corners, lemuel_oklob_altar
D:11:     layout_gridville, david_orc_3, serial_shops, nicolae_shop_stone,
          chequers_jeans, dk_noncrumbling_2, uniq_maurice
D:12:     layout_roguey, uniq_kirke
D:13:     layout_roguey
Lair:1:   layout_roguey, grunt_megastairs_5

Skill      XL: |  1  2  3  4  5  6  7  8  9 10 11 12 |
---------------+-------------------------------------+-----
Axes           | 3 4 5 7 8 10 12 13 14 | 14.9
Fighting       | 4 5 6 7 9 10 11 12 | 12.2
Armour         | 4 6 |  6.8
Dodging        | |  1.7
Stealth        | |  6.0

Action                   |  1- 3 |  4- 6 |  7- 9 | 10-12 || total
-------------------------+-------+-------+-------+-------++-------
Melee: Hand axe          |     7 |       |       |       ||     7
       War axe           |    28 |   229 |   321 |    21 ||   599
       Executioner's axe |       |       |       |   531 ||   531
       Flail             |       |       |       |    10 ||    10
Invok: Potion Petition   |       |       |     1 |     4 ||     5
 Abil: Dig               |       |     5 |    12 |     6 ||    23
Evoke: Wand              |       |       |       |     5 ||     5
  Use: Scroll            |       |       |    18 |    10 ||    28
       Potion            |       |       |       |     1 ||     1
 Stab: Sleeping          |       |     2 |     2 |    19 ||    23
       Distracted        |       |       |     1 |     4 ||     5
Armor: Leather armour    |     1 |       |       |    44 ||    45
       Plate armour      |    19 |    79 |       |    80 ||   178
       Scale mail        |       |    61 |   131 |   230 ||   422
Dodge: Dodged            |     9 |    89 |   144 |   364 ||   606

Table legend: (Time is in decaauts)
 A = Elapsed time spent in this place.
 B = Non-inter-level travel time spent in this place.
 C = Inter-level travel time spent in this place.
 D = Time resting spent in this place.
 E = Time spent auto-exploring this place.
 F = Levels seen in this place.
 G = Mean time per level.
                   A        B        C        D        E       F      G
               +--------+--------+--------+--------+--------+-----+--------+
         Total |  15321 |  14613 |    708 |    760 |  10566 |  14 | 1094.4 |
       Dungeon |  14284 |  13577 |    707 |    206 |  10212 |  13 | 1098.8 |
          Lair |   1037 |   1037 |      0 |    554 |    354 |   1 | 1037.0 |
               +--------+--------+--------+--------+--------+-----+--------+

Top non-repeatable levels by time:
     D:9: 1746 daAuts
     D:4: 1699 daAuts
    D:10: 1651 daAuts
    D:11: 1393 daAuts
     D:2: 1169 daAuts
     D:6: 1155 daAuts
     D:8: 1146 daAuts
     D:3: 1138 daAuts
     D:7: 1122 daAuts
  Lair:1: 1037 daAuts
     D:1: 848 daAuts
     D:5: 706 daAuts
    D:12: 306 daAuts
    D:13: 199 daAuts
